 Dungeon Crawl Stone Soup version 0.23.2 (webtiles) character file.

Game seed: 6044106850883411436

85205 Peloso the Peltast (level 15, 0/136 HPs)
             Began as a Minotaur Fighter on Apr 5, 2019.
             Was a High Priest of Okawaru.
             Slain by Frances
             ... wielding a +0 vampiric trident
              (9 damage)
             ... on level 12 of the Dungeon.
             The game lasted 01:17:10 (23806 turns).

Peloso the Peltast (Minotaur Fighter)              Turns: 23806, Time: 01:17:11

Health: 0/136      AC:  0    Str: 34    XL:     15   Next: 37%
Magic:  17/17      EV: 17    Int:  6    God:    Okawaru [*****.]
Gold:   2557       SH: 20    Dex: 22    Spells: 14/14 levels left

rFire    + . .     SeeInvis +   b - +2 long sword of Collusion {slice, rC+ rN+}
rCold    + . .     Gourm    .   c - +1 shield
rNeg     + + +     Faith    .   J - +0 plate armour
rPois    .         Spirit   .   (helmet restricted)
rElec    +         Reflect  .   q - +0 cloak of Efytotus {MR+ Str+6 Int-3 SInv}
rCorr    .         Harm     .   E - +1 pair of gloves {Str+3}
MR       ++...                  P - +0 pair of boots {run}
Stlth    ..........             R - amulet of Gin and Tonic {Acrobat rN++ Dex+7 SInv}
HPRegen  0.32/turn              r - ring of the Priest {rElec rF+ Int+4 Dex+3}
MPRegen  0.15/turn              (no ring)

@: heroism, corroded, quick
A: retaliatory headbutt, horns 2
a: Heroism, Finesse, Renounce Religion


You were on level 12 of the Dungeon.
You worshipped Okawaru.
Okawaru was extremely pleased with you.
You were not hungry.

You visited 4 branches of the dungeon, and saw 21 of its levels.
You also visited: Gauntlet, Ice Cave and Volcano.

You collected 3404 gold pieces.
You spent 847 gold pieces at shops.

Inventory:

Hand Weapons
 a - a +1 double sword of protection
 b - the +2 long sword of Collusion (weapon) {slice, rC+ rN+}
   (You found it on level 1 of the Lair of Beasts)

   It inflicts extra damage upon your enemies.
   It protects you from cold.
   It protects you from negative energy.
 x - the +0 sword of Power
   (Okawaru gifted it to you on level 10 of the Dungeon)
 A - a +4 scimitar of flaming
Armour
 c - a +1 shield (worn)
 q - the +0 cloak of Efytotus (worn) {MR+ Str+6 Int-3 SInv}
   (You found it in a Gauntlet)

   It affects your strength (+6).
   It affects your intelligence (-3).
   It affects your resistance to hostile enchantments.
   It lets you see invisible.
 y - the +0 chain mail of Life {*Corrode rElec Str+4 Slay+5}
   (Okawaru gifted it to you on level 2 of the Orcish Mines)

   It affects your strength (+4).
   It affects your accuracy and damage with ranged weapons and melee attacks
   (+5).
   It insulates you from electricity.
   It may corrode you when you take damage.
 E - a +1 pair of gloves of strength (worn)
 J - a +0 plate armour (worn)
 P - a +0 pair of boots of running (worn)
Jewellery
 n - the amulet "Jiopin" {Acrobat Dex+3}
   (You found it in an ice cave)

   [amulet of the acrobat]

   It helps you evade while moving and waiting.
   It affects your dexterity (+3).
 r - the ring of the Priest (left hand) {rElec rF+ Int+4 Dex+3}
   (You found it in an ice cave)

   [ring of protection from fire]

   It affects your intelligence (+4).
   It affects your dexterity (+3).
   It protects you from fire.
   It insulates you from electricity.
 s - an uncursed ring of resist corrosion
 t - the ring of Karaoles {rPois rF- rN+++ EV+1 Dex+4}
   (You found it in an ice cave)

   [ring of evasion]

   It affects your evasion (+1).
   It affects your dexterity (+4).
   It makes you vulnerable to fire.
   It protects you from poison.
   It renders you almost immune to negative energy.
 C - a cursed amulet of inaccuracy
 D - the ring of Shadows {Umbra +Inv Stlth+}
   (You bought it in a shop on level 2 of the Orcish Mines)

   [ring of stealth]

   It lets you turn invisible.
   It makes you more stealthy.
 Q - the amulet "Antymp Caesh" {Spirit Dex+3}
   (You found it on level 1 of the Lair of Beasts)

   [amulet of guardian spirit]

   It causes incoming damage to be split between your health and magic.
   It affects your dexterity (+3).
 R - the amulet of Gin and Tonic (around neck) {Acrobat rN++ Dex+7 SInv}
   (You found it in a Gauntlet)

   [amulet of the acrobat]

   It helps you evade while moving and waiting.
   It affects your dexterity (+7).
   It greatly protects you from negative energy.
   It lets you see invisible.
 Z - an uncursed ring of poison resistance
Wands
 h - a wand of iceblast (24)
 m - a wand of acid (4)
 w - a wand of digging (1)
 O - a wand of enslavement (7)
Scrolls
 i - 5 scrolls of remove curse
 j - 4 scrolls of identify
 o - 4 scrolls of noise
 p - a scroll of brand weapon
 K - 5 scrolls of teleportation
 X - a scroll of fear
Potions
 d - a potion of might
 e - 2 potions of invisibility
 k - 4 potions of flight
 l - 2 potions of curing
 u - 3 potions of haste
 v - 5 potions of agility
 z - a potion of brilliance
 M - a potion of berserk rage
 T - 2 potions of resistance
Comestibles
 f - 26 rations
 B - a chunk of flesh


   Skills:
 + Level 13.2(18.2) Fighting
   Level 7.1(16.8) Short Blades
 + Level 15.6(21.2) Long Blades
 + Level 13.5(18.5) Armour
 + Level 5.7(10.7) Dodging
 + Level 3.3(8.3) Stealth
 + Level 17.6(22.6) Shields
 + Level 5.2 Invocations
 + Level 0.1 Evocations


You had 14 spell levels left.
You didn't know any spells.
Your spell library contained the following spells:

 Spells                   Type           Power        Failure   Level  Hunger
 Infusion                 Chrm           #...         88%         1    ##.....
 Passwall                 Tmut/Erth      #.......     96%         2    ###....
 Shroud of Golubria       Chrm/Tloc      #.........   96%         2    ###....
 Song of Slaying          Chrm           #.......     96%         2    ###....
 Sticks to Snakes         Tmut           #.......     96%         2    ###....
 Ignite Poison            Fire/Tmut/Pois #.......     99%         3    ####...
 Regeneration             Chrm/Necr      #.........   99%         3    ####...
 Spectral Weapon          Hex/Chrm       #.......     99%         3    ####...
 Fireball                 Conj/Fire      #.........   100%        5    ######.
 Yara's Violent Unravell  Hex/Tmut       #.........   100%        5    ######.
 Bolt of Fire             Conj/Fire      #.........   100%        6    #######
 Dragon Form              Tmut           #.........   100%        7    #######
 Ring of Flames           Chrm/Fire      #.........   100%        7    #######
 Ignition                 Fire           #.........   100%        8    #######


Dungeon Overview and Level Annotations

Branches:
Dungeon (12/15)            Temple (1/1) D:7            Lair (6/6) D:10
  Swamp (0/4) Lair:2        Snake (0/4) Lair:3        Slime (0/5) Lair:6
    Orc (2/2) D:10            Elf (0/3) Orc:2

Altars:
Ashenzari
Cheibriados
Dithmenos
Elyvilon
Fedhas
Gozag
Hepliaklqana
Kikubaaqudgha
Makhleb
Nemelex Xobeh
Okawaru
Qazlal
Ru
Sif Muna
Trog
Uskayaw
Vehumet
Wu Jian
Xom
Yredelemnul
Zin
The Shining One
Beogh
Jiyva

Shops:
D:5 }:(   D:7 *   D:9 }   Orc:1 =   Orc:2 *=[(

Annotations:
D:10 1 runed translucent door
D:12 Frances


Innate Abilities, Weirdness & Mutations

You reflexively headbutt those who attack you in melee.
You have a pair of horns on your head.


Message History

Frances whispers indecipherable words.
You block the iron shot. The rust devil closely misses you.
You riposte.
You hit the rust devil but do no damage.
You headbutt the rust devil, but do no damage.
The rust devil is severely wounded.
The soul eater hits you!
* * * LOW HITPOINT WARNING * * *
As you read the scroll of fear, it crumbles to dust.
You assume a fearsome visage.
The ice devil is unaffected.
Frances resists with almost no effort.
The rust devil is unaffected.
The soul eater is unaffected.
The vampire mosquito is unaffected.
You block the vampire mosquito's attack.
Frances mutters in a terrible tongue.
The shard of ice misses you.
The shard of ice hits the vampire mosquito!!!
The vampire mosquito is destroyed!
You block the rust devil's attack. You block the soul eater's attack.
You feel better. Frances closely misses you. You block the rust devil's attack.
Frances hits you with a +0 vampiric trident!
You die...

#####....#............
##.....###........
####..†#########..#
#.....))....# .#
#..(...####.# #..##.##
#..##.# #..##.#
#4@##.# #3@##.#
...4##.# #.....#>#
....... .##.....# #
##...## ##..#


You could see Frances, a soul eater, an ice devil and a rust devil.

Vanquished Creatures
  Rupert (Orc:2)
  A lich (D:10)
  An orc warlord (Orc:2)
  Azrael (Orc:2)
  A minotaur (Gauntlet)
  A yaktaur captain (D:10)
  Fannar (D:12)
  10 hydras
  2 ice dragons (IceCv)
  4 catoblepae
  3 two-headed ogres
  The ghost of spacerossing the Cleaver, a journeyman GrGl of Okawaru (D:10)
  A deep troll shaman (Lair:6)
  7 death yaks (Lair:6)
  2 orc high priests
  5 skeletal warriors
  2 unseen horrors (D:10)
  A deep troll (D:10)
  2 anaconda skeletons (Volcano)
  4 orc knights
  A necromancer (D:10)
  8 deep elf magi (Orc:2)
  A wolf spider (D:10)
  3 orc sorcerers
  4 elephants (Lair:6)
  A manticore (D:11)
  An ugly thing (D:11)
  A cyclops (D:11)
  4 black mambas
  A rust devil (Gauntlet)
  2 ice statues (IceCv)
  9 gargoyles
  12 spiny frogs
  An apocalypse crab (Gauntlet)
  A torpor snail (Lair:4)
  4 rime drakes
  5 komodo dragons
  3 trolls
  2 polar bears
  A tyrant leech (Lair:2)
  A hornet (D:10)
  18 blink frogs
  3 harpy skeletons (Volcano)
  9 hippogriffs
  A flying skull (Volcano)
  2 alligator skeletons (Volcano)
  A ynoxinul (Gauntlet)
  2 wraiths (D:10)
  Eustachio (D:5)
  29 yaks
  4 basilisks
  5 fire elementals (Orc:2)
  3 vampire mosquitoes (D:12)
  A hungry ghost (D:9)
  5 wargs
  A harpy simulacrum (D:10)
  A soldier ant (D:11)
  9 swamp worms
  16 water moccasins
  10 porcupines
  3 hell hounds (Orc:2)
  20 ice beasts
  4 sky beasts
  27 orc warriors
  4 black bears
  7 ogres
  3 phantoms
  9 centaurs
  14 wolves
  11 crocodiles
  10 bullfrogs
  A wyvern zombie (D:3)
  A scorpion (D:5)
  5 killer bees (D:10)
  A vampire bat (D:4)
  3 wights (D:9)
  7 howler monkeys
  3 spriggan skeletons (Volcano)
  5 crimson imps
  A bullfrog zombie (D:10)
  3 centaur zombies
  24 orc priests
  7 hounds
  3 jellies
  2 centaur skeletons
  19 orc wizards
  3 iron imps (Gauntlet)
  8 bullfrog skeletons
  5 iguanas
  15 worker ants
  A naga skeleton (Volcano)
  A hound skeleton (D:6)
  A worker ant zombie (D:10)
  A howler monkey skeleton (D:8)
  15 adders
  A worker ant simulacrum (D:10)
  An ooze (D:1)
  2 adder zombies
  2 adder skeletons
  2 worms
  2 dart slugs
  8 leopard geckos
  73 orcs
  6 bats
  4 bat skeletons (D:4)
  2 bat zombies (D:4)
  4 giant cockroaches
  5 goblins
  5 hobgoblins
  4 jackals
  4 quokkas
  A ball python (D:4)
  6 frilled lizards
  8 kobolds
  A leopard gecko skeleton (D:7)
  2 quokka skeletons
  A quokka zombie (D:9)
  11 rats
  3 fungi (Lair:1)
  A plant (Lair:1)
644 creatures vanquished.

Vanquished Creatures (others)
  2 flying skulls (Volcano)
  A vampire mosquito (D:12)
  An orc wizard (Orc:2)
  A hobgoblin (D:2)
  A rat (D:2)
  4 fungi
  22 plants
  A withered plant (Gauntlet)
33 creatures vanquished.

Grand Total: 677 creatures vanquished

Notes
Turn   | Place    | Note
-------+----------+-------------------------------------------
     0 | D:1      | Peloso the Minotaur Fighter began the quest for the Orb.
     0 | D:1      | Reached XP level 1. HP: 19/19 MP: 0/0
   277 | D:1      | Reached XP level 2. HP: 27/27 MP: 1/1
  1011 | D:2      | Found a burning altar of Makhleb.
  1109 | D:2      | Reached skill level 4 in Shields
  1187 | D:2      | Found a white marble altar of Elyvilon.
  1208 | D:2      | Found a basalt altar of Yredelemnul.
  1229 | D:2      | Reached XP level 3. HP: 33/33 MP: 2/2
  1408 | D:2      | Found a glowing golden altar of the Shining One.
  2048 | D:3      | Reached XP level 4. HP: 37/41 MP: 3/3
  2146 | D:3      | Reached XP level 5. HP: 46/47 MP: 4/4
  2582 | D:4      | Reached skill level 1 in Dodging
  2643 | D:4      | Reached skill level 5 in Shields
  2718 | D:4      | Reached skill level 5 in Long Blades
  2718 | D:4      | Reached XP level 6. HP: 37/53 MP: 5/5
  3036 | D:4      | Found an ancient bone altar of Kikubaaqudgha.
  3192 | D:4      | Found a shadowy altar of Dithmenos.
  3230 | D:5      | Entered Level 5 of the Dungeon
  3281 | D:5      | Found a glowing silver altar of Zin.
  3288 | D:5      | Noticed Eustachio
  3291 | D:5      | Reached XP level 7. HP: 43/60 MP: 6/6
  3308 | D:5      | Reached skill level 5 in Armour
  3339 | D:5      | Killed Eustachio
  3339 | D:5      | Reached skill level 6 in Shields
  3357 | D:5      | Found Nydau's Antique Weapon Shop.
  3372 | D:5      | Reached skill level 5 in Fighting
  3548 | D:5      | Found an opulent altar of Gozag.
  3660 | D:5      | Found Xovvaaga's Gadget Boutique.
  3661 | D:5      | Found Waroax's Book Shop.
  3691 | D:5      | Reached XP level 8. HP: 37/68 MP: 7/7
  4112 | D:6      | Found a glowing golden altar of the Shining One.
  4231 | D:6      | Reached skill level 7 in Shields
  5080 | D:7      | Found a sparkling altar of Nemelex Xobeh.
  5157 | D:7      | Reached XP level 9. HP: 54/75 MP: 8/8
  5278 | D:7      | Found a stormy altar of Qazlal.
  5623 | D:7      | Found Mnucounn's Merry Market.
  5628 | D:7      | Reached skill level 8 in Shields
  5636 | D:7      | Bought a scroll of magic mapping for 49 gold pieces
  5636 | D:7      | Bought a potion of mutation for 112 gold pieces
  5636 | D:7      | Bought a potion of might for 56 gold pieces
  5764 | D:7      | Found a staircase to the Ecumenical Temple.
  5971 | Temple   | Entered the Ecumenical Temple
  6038 | Temple   | Became a worshipper of Warmaster Okawaru
  6127 | D:8      | Reached skill level 1 in Stealth
  6170 | D:8      | Reached skill level 10 in Long Blades
  6233 | D:8      | Noticed a two-headed ogre
  6281 | D:8      | Killed a two-headed ogre
  6281 | D:8      | Reached * piety under Okawaru
  6563 | D:8      | Reached skill level 9 in Shields
  6593 | D:8      | Found a blossoming altar of Fedhas.
  6751 | D:8      | Lost intelligence.
  6936 | D:9      | Reached XP level 10. HP: 86/86 MP: 9/9
  6979 | D:9      | Reached ** piety under Okawaru
  7204 | D:9      | Found Mesakk Meum's Gadget Shop.
  7288 | D:9      | Found a snail-covered altar of Cheibriados.
  7496 | D:10     | Entered Level 10 of the Dungeon
  7529 | D:10     | Found a runed translucent door.
  7529 | D:10     | Noticed a deep troll
  7529 | D:10     | Noticed a necromancer
  7530 | D:10     | Noticed a lich
  7530 | D:10     | Noticed a skeletal warrior
  7531 | D:10     | Found a runed translucent door.
  7531 | D:10     | Noticed a wolf spider
  7537 | D:10     | Noticed a skeletal warrior
  7608 | D:10     | Killed an unseen horror
  7730 | D:10     | Reached skill level 10 in Shields
  7737 | D:10     | Noticed a two-headed ogre
  7757 | D:10     | Killed a two-headed ogre
  7757 | D:10     | Reached *** piety under Okawaru
  8407 | D:10     | Found a staircase to the Orcish Mines.
  8559 | D:10     | Paralysed by a hornet for 1 turns
  8574 | D:10     | Found a staircase to the Lair.
  8655 | D:10     | Reached **** piety under Okawaru
  8680 | D:10     | Reached skill level 5 in Dodging
  8694 | D:10     | Reached XP level 11. HP: 64/95 MP: 10/10
  8818 | D:10     | Noticed a yaktaur captain
  8829 | D:10     | Killed a yaktaur captain
  8829 | D:10     | Reached skill level 11 in Shields
  8849 | D:10     | Got a crystal short sword
  9109 | D:10     | Identified the +7 short sword of the Inferno {pierce, *Rage
                  | +Fly rN+++ Int+2} (You found it on level 10 of the Dungeon)
  9126 | D:10     | Reached ***** piety under Okawaru
  9390 | D:10     | Noticed spacerossing's ghost (journeyman GrGl)
  9410 | D:10     | Noticed a skeletal warrior
  9580 | D:11     | Noticed a seven-headed hydra
  9602 | D:10     | Killed an unseen horror
  9602 | D:10     | Reached skill level 1 in Short Blades
  9830 | Lair:1   | Entered Level 1 of the Lair of Beasts
  9853 | Lair:1   | Received a gift from Okawaru
  9882 | Lair:1   | Identified a +0 pair of boots of running (Okawaru gifted it
                  | to you on level 1 of the Lair of Beasts)
 10254 | Lair:1   | Noticed a five-headed hydra
 10265 | Lair:1   | Killed a five-headed hydra
 10277 | Lair:1   | Reached skill level 5 in Short Blades
 10594 | Lair:1   | Reached skill level 1 in Invocations
 10862 | Lair:1   | Got a translucent zirconium amulet
 10907 | Lair:1   | Got a slimy long sword
 10908 | Lair:1   | Identified the cursed +2 long sword of Collusion {slice,
                  | rC+ rN+} (You found it on level 1 of the Lair of Beasts)
 10920 | Lair:1   | Identified the amulet "Antymp Caesh" {Spirit Dex+3} (You
                  | found it on level 1 of the Lair of Beasts)
 11028 | Lair:2   | Reached skill level 12 in Shields
 11034 | Lair:2   | Reached XP level 12. HP: 53/105 MP: 7/12
 11063 | Lair:2   | Found a gate leading to a gauntlet.
 11082 | Gauntlet | Entered a Gauntlet
 11082 | Gauntlet | Found a transporter.
 11087 | Gauntlet | Found a transporter.
 11090 | Gauntlet | Found a transporter.
 11104 | Gauntlet | Found a transporter.
 11105 | Gauntlet | Found a transporter.
 11114 | Gauntlet | Found a transporter.
 11129 | Gauntlet | Found a transporter.
 11133 | Gauntlet | Found a runed translucent door.
 11140 | Gauntlet | Found a transporter.
 11150 | Gauntlet | Found a transporter.
 11164 | Gauntlet | Found a transporter.
 11174 | Gauntlet | Found a transporter.
 11176 | Gauntlet | Noticed a catoblepas
 11178 | Gauntlet | Found a transporter.
 11224 | Gauntlet | Reached skill level 10 in Armour
 11333 | Gauntlet | Killed a catoblepas
 11350 | Gauntlet | Found a transporter.
 11361 | Gauntlet | Got an ichor-stained cloak
 11372 | Gauntlet | Identified the +0 cloak of Efytotus {MR+ Str+6 Int-3 SInv}
                  | (You found it in a Gauntlet)
 11428 | Gauntlet | Got a bound jade amulet
 11430 | Gauntlet | Identified the amulet of Gin and Tonic {Acrobat rN++ Dex+7
                  | SInv} (You found it in a Gauntlet)
 11501 | Gauntlet | Noticed a minotaur
 11514 | Gauntlet | Killed a minotaur
 12045 | Lair:2   | Found a staircase to the Swamp.
 12310 | Lair:2   | You fall through a shaft for 2 floors!
 12363 | Lair:4   | Found a dark tunnel.
 12371 | Volcano  | Entered a volcano
 12418 | Volcano  | Received a gift from Okawaru
 12428 | Volcano  | Reached skill level 10 in Fighting
 12461 | Volcano  | Reached skill level 13 in Shields
 13167 | Lair:4   | Reached XP level 13. HP: 95/114 MP: 14/14
 13169 | Lair:4   | Received a gift from Okawaru
 13923 | Lair:3   | Found a staircase to the Snake Pit.
 14411 | Lair:3   | Received a gift from Okawaru
 15133 | Lair:5   | Found a frozen archway.
 15148 | IceCv    | Entered an ice cave
 15194 | IceCv    | Reached skill level 14 in Shields
 15466 | IceCv    | Got a clouded steel amulet
 15467 | IceCv    | Identified the amulet "Jiopin" {Acrobat Dex+3} (You found
                  | it in an ice cave)
 15477 | IceCv    | Got a slimy amber ring
 15478 | IceCv    | Identified the ring of Karaoles {rPois rF- rN+++ EV+1
                  | Dex+4} (You found it in an ice cave)
 15485 | IceCv    | Got a warped platinum ring
 15486 | IceCv    | Identified the ring of the Priest {rElec rF+ Int+4 Dex+3}
                  | (You found it in an ice cave)
 16123 | Lair:1   | You fall through a shaft!
 16768 | Lair:5   | Received a gift from Okawaru
 17016 | Lair:6   | Entered Level 6 of the Lair of Beasts
 17079 | Lair:6   | Reached skill level 15 in Shields
 17275 | Lair:6   | Received a gift from Okawaru
 17376 | Lair:6   | Reached XP level 14. HP: 115/125 MP: 16/16
 17756 | Lair:6   | Identified the Guide on Changing
 17871 | Lair:6   | Found a viscous altar of Jiyva.
 17872 | Lair:6   | Found a staircase to the Slime Pits.
 18321 | Lair:6   | Received a gift from Okawaru
 19289 | D:10     | Reached skill level 16 in Shields
 19320 | D:10     | Killed spacerossing's ghost
 19326 | D:10     | Reached skill level 15 in Long Blades
 19342 | D:10     | Killed a lich
 19349 | D:10     | Received a gift from Okawaru
 19350 | D:10     | Found the +0 sword of Power
 20211 | D:11     | Reached skill level 5 in Invocations
 20767 | Orc:1    | Entered Level 1 of the Orcish Mines
 20767 | Orc:1    | Found Woathep's Jewellery Boutique.
 21472 | Orc:2    | Entered Level 2 of the Orcish Mines
 21485 | Orc:2    | Received a gift from Okawaru
 21801 | Orc:2    | Reached XP level 15. HP: 102/134 MP: 17/17
 21807 | Orc:2    | Got a jewelled chain mail {god gift}
 21818 | Orc:2    | Identified the +0 chain mail of Life {*Corrode rElec Str+4
                  | Slay+5} (Okawaru gifted it to you on level 2 of the Orcish
                  | Mines)
 21915 | Orc:1    | Reached skill level 17 in Shields
 21933 | Orc:1    | Reached ****** piety under Okawaru
 22083 | Orc:2    | Noticed Rupert
 22098 | Orc:2    | Killed Rupert
 22333 | Orc:2    | Paralysed by an orc sorcerer for 6 turns
 22543 | Orc:2    | Found a roughly hewn altar of Beogh.
 22550 | Orc:2    | Noticed an orc warlord
 22593 | Orc:2    | Killed an orc warlord
 22803 | Orc:2    | Found Tohirola's General Store.
 22854 | Orc:2    | Noticed Azrael
 22879 | Orc:2    | Killed Azrael
 23228 | Orc:2    | Found Vemnol's Antique Weapon Boutique.
 23243 | Orc:2    | Found Qyma's Jewellery Boutique.
 23250 | Orc:2    | Bought a cursed amulet of inaccuracy for 30 gold pieces
 23250 | Orc:2    | Bought the ring of Shadows {Umbra +Inv Stlth+} for 600 gold
                  | pieces
 23250 | Orc:2    | Found the ring of Shadows {Umbra +Inv Stlth+}
 23258 | Orc:2    | Found Kudutz's Antique Armour Boutique.
 23407 | Orc:2    | Found a staircase to the Elven Halls.
 23763 | D:12     | Noticed Fannar
 23764 | D:12     | Noticed Frances
 23778 | D:12     | Killed Fannar
 23804 | D:12     | HP: 2/136 [soul eater[Frances] (12)]
 23806 | D:12     | Slain by Frances

Skill      XL: |  1  2  3  4  5  6  7  8  9 10 11 12 13 14 15 |
---------------+----------------------------------------------+-----
Fighting       | 4 5 6 7 8 9 10 11 12 13 | 13.2
Long Blades    | 3 4 5 7 9 11 12 14 15 | 15.6
Shields        | 4 5 6 7 9 10 12 13 15 16 17 | 17.6
Armour         | 4 5 6 8 9 11 12 13 | 13.5
Dodging        | 1 2 3 4 5 |  5.7
Stealth        | 1 2 3 |  3.3
Short Blades   | 6 7 |  7.1
Invocations    | 1 3 4 5 |  5.2
Evocations     | |  0.1

Action                   |  1- 3 |  4- 6 |  7- 9 | 10-12 | 13-15 || total
-------------------------+-------+-------+-------+-------+-------++-------
Melee: Long sword        |   106 |   117 |   355 |   553 |  1010 ||  2141
       Headbutt          |    14 |    16 |    76 |   214 |   454 ||   774
       Short sword       |       |       |       |   185 |    94 ||   279
Invok: Heroism           |       |       |       |    12 |    18 ||    30
       Finesse           |       |       |       |     3 |     6 ||     9
Evoke: Wand              |       |       |       |       |     3 ||     3
  Use: Scroll            |     5 |       |     5 |    13 |     9 ||    32
       Potion            |       |       |     1 |     1 |     4 ||     6
 Stab: Petrified         |       |       |       |       |     8 ||     8
       Distracted        |       |       |       |       |     1 ||     1
       Petrifying        |       |       |       |       |     1 ||     1
  Eat: Chunk             |     4 |     3 |    10 |    14 |    29 ||    60
       Ration            |       |       |     1 |     2 |     1 ||     4
Armor: Scale mail        |    55 |    58 |    82 |       |       ||   195
       Chain mail        |       |       |    19 |       |     1 ||    20
       Plate armour      |       |       |    16 |   256 |   352 ||   624
Dodge: Dodged            |    43 |    48 |    88 |   172 |   474 ||   825
Block: Shield            |    63 |    86 |   224 |   425 |  1026 ||  1824
       Rpst.: Long sword |     8 |    14 |    19 |    27 |    94 ||   162
